[Event "Late-Titled-Tuesday-Blitz-February-13-2024"]
[Site "Chess.com"]
[Date "2024.02.13"]
[Round "1"]
[White "HalfIsCrayfish"]
[Black "deepfear"]
[Result "1-0"]
[WhiteElo "2536"]
[BlackElo "1967"]
[TimeControl "180+1"]
[EndTime "14:06:49 PST"]
[Termination "HalfIsCrayfish won on time"]

1. e4 c5 2. Nc3 g6 3. d4 cxd4 4. Qxd4 Nf6 5. Nf3 Nc6 6. Qa4 d6 7. e5 dxe5 8. Nxe5 Bd7 9. Nxd7 Qxd7 10. Be3 Bg7 11. Rd1 Qg4 12. h3 Qxa4 13. Nxa4 O-O 14. Be2 Rfd8 15. O-O Nd5 16. Bg5 h6 17. Bd2 a6 18. c3 b5 19. Nc5 Ne5 20. Bc1 e6 21. Rfe1 Nc4 22. Bf3 Ne7 23. Bxa8 Rxa8 24. a3 Nd5 25.
Nd3 a5 26. Nf4 Nxf4 27. Bxf4 b4 28. axb4 axb4 29. cxb4 Bxb2 30. Rd7 Bc3 31. Rc1 Nb6 32. Rb7 Nd5 33. Bd6 Bb2 34. Rc2 Bd4 35. Rb8+ Rxb8 36.
Bxb8 Nxb4 37. Rc4 1-0

[Event "Late-Titled-Tuesday-Blitz-February-13-2024"]
[Site "Chess.com"]
[Date "2024.02.13"]
[Round "1"]
[White "Lucas_Tomiello"]
[Black "Boninknights"]
[Result "1-0"]
[WhiteElo "2703"]
[BlackElo "2368"]
[TimeControl "180+1"]
[EndTime "14:06:52 PST"]
[Termination "Lucas_Tomiello won by resignation"]

1. e4 e5 2. Bc4 Nc6 3. d3 Bc5 4. Nc3 Nf6 5. f4 exf4 6. Bxf4 O-O 7. Nf3 Bb4 8. Bg5 h6 9. Bh4 g5 10. Bg3 d5 11. exd5 Nxd5 12. Bxd5 Qxd5 13. O-O Bxc3 14. bxc3 Qc5+ 15. Kh1 Qxc3 16. Rb1 b6 17. Bxc7 Bb7 18. Rb3 Qg7 19. Qd2 f5 20. Bd6 Rfe8 21. Ba3 Rad8 22. Bb2 Qg6 23. Qc3 Qh7 24. Rb5 g4 25. Nh4 Nd4 26. Nxf5 Re2 27. Nxd4 Rxg2 28. Qc4+ 1-0

[Event "Late-Titled-Tuesday-Blitz-February-13-2024"]
[Site "Chess.com"]
[Date "2024.02.13"]
[Round "1"]
[White "nicolasbatista3"]
[Black "traviscottofficial"]
[Result "0-1"]
[WhiteElo "2342"]
[BlackElo "2684"]
[TimeControl "180+1"]
[EndTime "14:06:53 PST"]
[Termination "traviscottofficial won on time"]

1. d4 Nf6 2. c4 e6 3. Nc3 Bb4 4. f3 c5 5. d5 b5 6. e4 O-O 7. e5 Nh5 8. Be3 bxc4 9. g4 Bb7 10. dxe6 fxe6 11. gxh5 Qh4+ 12. Bf2 Qxh5 13. Bxc4 Nc6 14.
Qxd7 Nxe5 15. Bxe6+ Kh8 16. Qxb7 Rae8 17. O-O-O Qg5+ 18. Kc2 Qg2 19. Nge2 Qxf2 20. Rhg1 Ng6 21. Bc4 Rxf3 22. Rgf1 Qxf1 23. Rxf1 Rxf1 24. Bf7 Rf8 25.
Bxg6 hxg6 26. Ng3 R1f2+ 27. Kb3 Rxh2 28. Nge4 Rh5 29. Ng5 Rxg5 30. Qe7 Rgf5 31. a3 Bxc3 0-1

[Event "Late-Titled-Tuesday-Blitz-February-13-2024"]
[Site "Chess.com"]
[Date "2024.02.13"]
[Round "1"]
[White "NovakRatko"]
[Black "AldokhinIvan"]
[Result "0-1"]
[WhiteElo "2318"]
[BlackElo "2667"]
[TimeControl "180+1"]
[EndTime "14:06:54 PST"]
[Termination "AldokhinIvan won by resignation"]

1. d4 Nf6 2. c4 g6 3. Nc3 Bg7 4. e4 O-O 5. f3 c6 6. Be3 d5 7. e5 Nfd7 8. cxd5 cxd5 9. Nxd5 Nc6 10. Nc3 Nb6 11. f4 Nb4 12. Nf3 N6d5 13. Bd2 Bf5 14. Rc1 Nd3+ 15. Bxd3 Bxd3 16. Nxd5 Qxd5 17. Bb4 Ba6 18.
Bxe7 Rfe8 19. Ba3 Bh6 20. g3 g5 21. fxg5 Bxg5 22. Rc5 Qe4+ 23. Kf2 Qe3+ 24. Kg2 Be2 25. Nxg5 Bxd1 26. h4 Qxd4 27. Rf1 Bh5 28. Rf4 Qe3 29. Rc7 Qxe5 30. Nxf7 Qxc7 31. Nh6+ Kh8 32. b3 Re2+ 33. Kh3 Qd7+ 34. Nf5 Bg6 0-1

[Event "Late-Titled-Tuesday-Blitz-February-13-2024"]
[Site "Chess.com"]
[Date "2024.02.13"]
[Round "1"]
[White "tptagain"]
[Black "noblerone"]
[Result "1-0"]
[WhiteElo "2856"]
[BlackElo "2455"]
[TimeControl "180+1"]
[EndTime "14:06:56 PST"]
[Termination "tptagain won by resignation"]

1. Nf3 d5 2. c4 c6 3. e3 Nf6 4. Nc3 a6 5. h3 b5 6. b3 Bf5 7. Nh4 Be6 8. cxd5 cxd5 9. Bb2 g6 10. a4 b4 11. Ne2 Bg7 12. Nf4 Bc8 13. Nf3 O-O 14.
Be2 a5 15. O-O Ba6 16. Rc1 Bxe2 17. Qxe2 e6 18. d3 Nbd7 19. Rc2 Qb6 20. Rfc1 Rfb8 21. Rc6 Qd8 22. Qc2 Ne8 23. Bxg7 Kxg7 24. e4 Qf6 25. Nxd5 Qd8 26. Qb2+ Kg8 27. Ne3 Rc8 28. Ng4 h5 29. Nh6+ Kf8 30. Qh8+ Ke7 31. Ng8+ Kf8 32. Nh6+ Ke7 33. Ng5 Nd6 34. Qxd8+ Rxd8 35. Rxd6 Kxd6 36. Nhxf7+ Ke7 37. Nxd8 Rxd8 38. d4 Kf6 39. f4 1-0

[Event "Late-Titled-Tuesday-Blitz-February-13-2024"]
[Site "Chess.com"]
[Date "2024.02.13"]
[Round "1"]
[White "Cambek64"]
[Black "legendisback1"]
[Result "1/2-1/2"]
[WhiteElo "2515"]
[BlackElo "2991"]
[TimeControl "180+1"]
[EndTime "14:06:57 PST"]
[Termination "Game drawn by agreement"]

1. b3 Nc6 2. Bb2 e5 3. e3 Nf6 4.
Bb5 Bd6 5. Nf3 e4 6. Nd4 O-O 7. Be2 Ne7 8. d3 exd3 9. cxd3 c6 10. O-O Bc7 11. Nd2 d5 12. b4 Ng6 13. N2f3 a5 14. a3 Re8 15. h3 Bd6 16. Qb3 Bd7 17. Bc3 a4 18. Qb2 b6 19. Rac1 c5 20. Nc2 d4 21.
Bd2 Nf4 22. Rfe1 Nxe2+ 23. Rxe2 Bf5 24. e4 c4 25. Ncxd4 cxd3 26. Re3 Bxe4 27. Rce1 Bf4 28.
Rxe4 Rxe4 29. Rxe4 Bxd2 30. Nxd2 Nxe4 31. Nxe4 Qd5 32.
Nd2 Rd8 33. N4f3 Rc8 34. Nd4 b5 35. N2f3 h6 36. g4 Rc4 37. Nf5 1/2-1/2

[Event "Late-Titled-Tuesday-Blitz-February-13-2024"]
[Site "Chess.com"]
[Date "2024.02.13"]
[Round "1"]
[White "FrenchMonster2002"]
[Black "sergiochess83"]
[Result "0-1"]
[WhiteElo "2446"]
[BlackElo "2851"]
[TimeControl "180+1"]
[EndTime "14:06:57 PST"]
[Termination "sergiochess83 won on time"]

1. e4 e6 2. d4 d5 3. exd5 exd5 4. Nf3 Bd6 5. Bd3 Ne7 6. O-O O-O 7. Nc3 c6 8. Ne2 Bf5 9. Bf4 Re8 10. c3 Na6 11. Bxd6 Qxd6 12. Ng3 Bxd3 13. Qxd3 Nc7 14. Rfe1 Ng6 15. Nf5 Qf6 16. g3 Ne6 17. Ne5 Nxe5 18. Rxe5 Ng5 19. Rae1 Ne4 20. Rxe8+ Rxe8 21. Qf3 Re6 22. Kg2 h6 23. h4 Nd2 24. Rxe6 Qxe6 25.
Qg4 Qf6 26. Ne3 g6 27. Qc8+ Kg7 28. Qxb7 Qf3+ 29. Kg1 Ne4 0-1

[Event "Late-Titled-Tuesday-Blitz-February-13-2024"]
[Site "Chess.com"]
[Date "2024.02.13"]
[Round "1"]
[White "Bugcrusher"]
[Black "KaydenTroffChess"]
[Result "0-1"]
[WhiteElo "2460"]
[BlackElo "2857"]
[TimeControl "180+1"]
[EndTime "14:06:58 PST"]
[Termination "KaydenTroffChess won by resignation"]

1. d4 Nf6 2. c4 g6 3. Nc3 d5 4.
cxd5 Nxd5 5. e4 Nxc3 6. bxc3 Bg7 7. Bc4 c5 8. Be3 Qa5 9. Kf1 O-O 10. Ne2 Nc6 11. h4 b5 12. Bd5 Bb7 13. h5 e6 14.
Bxc6 Bxc6 15. Ng3 Rad8 16. hxg6 fxg6 17. Qg4 Qxc3 18. Qxe6+ Rf7 19. Rc1 Qd3+ 20. Kg1 Bd7 21. Qd5 cxd4 22. Bh6 Bxh6 23. Rxh6 Qd2 24. Rxh7 Qxc1+ 25.
Kh2 Be8 26. Qe6 Qg5 27. Rh3 Qf6 28. Qg4 Bd7 29. Nf5 Bxf5 30. exf5 Qxf5 31. Qh4 Qf4+ 0-1

[Event "Late-Titled-Tuesday-Blitz-February-13-2024"]
[Site "Chess.com"]
[Date "2024.02.13"]
[Round "1"]
[White "Lion-Al-Messi"]
[Black "miraitrunks"]
[Result "1-0"]
[WhiteElo "2565"]
[BlackElo "2198"]
[TimeControl "180+1"]
[EndTime "14:06:58 PST"]
[Termination "Lion-Al-Messi won by resignation"]

1. e4 c5 2. Nf3 d6 3. d4 cxd4 4. Nxd4 Nf6 5. Nc3 g6 6. Be2 Bg7 7. O-O O-O 8. Be3 Nc6 9. h3 Bd7 10.
Qd2 Nxd4 11. Bxd4 Bc6 12. Bf3 b5 13. a4 a6 14. axb5 axb5 15. Bxf6 Bxf6 16. e5 Rxa1 17. Rxa1 Bxf3 18. exf6 Bc6 19. Rd1 b4 20. fxe7 Qxe7 21.
Nd5 Qe5 22. Nxb4 Ba8 23. Qxd6 Qxb2 24. Qd4 Qxd4 25. Rxd4 Re8 26. Rd1 Kg7 27. Rc1 Re4 28. c4 g5 29. Nd3 Rd4 30. Ne5 f6 31. Ng4 f5 32. Ne3 Kg6 33. c5 g4 34. hxg4 fxg4 35.
c6 g3 36. fxg3 Rd3 37. c7 Bb7 38. Ng4 Rd2 39. c8=Q Rxg2+ 40. Kf1 Bxc8 41. Ne5+ Kf5 42. Kxg2 Bb7+ 43. Nf3 Kg4 44. Rc4+ 1-0

[Event "Late-Titled-Tuesday-Blitz-February-13-2024"]
[Site "Chess.com"]
[Date "2024.02.13"]
[Round "1"]
[White "Sanan_Sjugirov"]
[Black "kikoveiga"]
[Result "1-0"]
[WhiteElo "2986"]
[BlackElo "2507"]
[TimeControl "180+1"]
[EndTime "14:07:00 PST"]
[Termination "Sanan_Sjugirov won by resignation"]

1. e4 c5 2. Nf3 e6 3. d3 Nc6 4. g3 Nf6 5. Bg2 d5 6. Qe2 Be7 7. a4 b6 8. O-O O-O 9. e5 Nd7 10. h4 Bb7 11. Bf4 Nd4 12. Nxd4 cxd4 13. Nd2 Rc8 14. Nf3 Bc5 15. h5 h6 16. Rfe1 Re8 17.
Qd2 Qe7 18. c3 dxc3 19. bxc3 Qd8 20. d4 Bf8 21. g4 Qc7 22. Rac1 Qc4 23. g5 hxg5 24.
Bxg5 Qxa4 25. h6 Qa3 26. Nh2 gxh6 27. Bxh6 Bxh6 28. Qxh6 Qf8 29. Qh4 f5 30. Re3 Kf7 31. Nf3 Qh8 32. Ng5+ Ke7 33. Nh7+ Kf7 34. Rh3 Rg8 35.
Ng5+ Ke7 36. Qh7+ Qxh7 37. Rxh7+ Kd8 38. Nxe6+ 1-0

[Event "Late-Titled-Tuesday-Blitz-February-13-2024"]
[Site "Chess.com"]
[Date "2024.02.13"]
[Round "1"]
[White "cthulhuuu"]
[Black "MikaelyanArman"]
[Result "1-0"]
[WhiteElo "2451"]
[BlackElo "2816"]
[TimeControl "180+1"]
[EndTime "14:07:00 PST"]
[Termination "cthulhuuu won by resignation"]

1. e4 c5 2. Nf3 Nc6 3. g3 g6 4. Bg2 Bg7 5. O-O e6 6. d3 Nge7 7. Re1 O-O 8. e5 d6 9. exd6 Nf5 10. Nc3 Nxd6 11. h4 h6 12. Be3 Nd4 13. Qd2 N6f5 14. Bf4 Nxf3+ 15. Bxf3 Nd4 16. Bg2 Kh7 17. Ne4 e5 18.
Be3 Qb6 19. c3 Ne6 20. b4 f5 21. Nxc5 f4 22. Nxe6 Qxe6 23. Bxf4 Bd7 24. d4 e4 25. Bxe4 Qf7 26. h5 Bf5 27. hxg6+ Bxg6 28. Bxg6+ Qxg6 29. Be5 Rf3 30. Bxg7 Kxg7 31. Re7+ Kh8 32. Rae1 Raf8 33. R7e6 R8f6 34. Rxf6 Qxf6 35. Qe2 Kg7 36. Qe7+ Qxe7 37. Rxe7+ Kf6 38. Rxb7 Rxc3 39. Rxa7 Rc4 40. b5 Rxd4 41. b6 Rb4 42. b7 h5 43. a4 h4 44. gxh4 Kf5 45. a5 Kg4 46. Kg2 Rxb7 47. Rxb7 1-0

[Event "Late-Titled-Tuesday-Blitz-February-13-2024"]
[Site "Chess.com"]
[Date "2024.02.13"]
[Round "1"]
[White "Njal28"]
[Black "Bryanl106"]
[Result "0-1"]
[WhiteElo "2989"]
[BlackElo "2524"]
[TimeControl "180+1"]
[EndTime "14:07:01 PST"]
[Termination "Bryanl106 won on time"]

1. d4 Nf6 2. c4 g6 3. Nc3 Bg7 4. e4 d6 5. Be2 O-O 6. Nf3 e5 7. d5 a5 8. Bg5 h6 9. Be3 Ng4 10. Bd2 f5 11. exf5 gxf5 12. h3 Nf6 13. g4 fxg4 14. hxg4 Nxg4 15. Rg1 Na6 16. Ne4 Nc5 17.
Nxc5 dxc5 18. Rg2 Qf6 19. Qb3 a4 20. Qc3 a3 21. Ng1 axb2 22. Qxb2 Nxf2 23. Be3 Ne4 24. Bd3 Ng5 25. Qe2 Bf5 26. Bxf5 Qxf5 27. Bxg5 hxg5 28.
Rd1 e4 29. Qg4 Bc3+ 30. Ke2 Rxa2+ 31. Ke3 Bd4+ 32. Rxd4 cxd4+ 33. Kxd4 Rxg2 34. Qxg2 Qf2+ 35. Qxf2 Rxf2 36. Nh3 Rd2+ 37. Kxe4 g4 38. Nf4 Kf7 39. c5 Ke7 40. Ng6+ Kd8 41. Ne5 g3 42. Kf3 g2 0-1

[Event "Late-Titled-Tuesday-Blitz-February-13-2024"]
[Site "Chess.com"]
[Date "2024.02.13"]
[Round "1"]
[White "GoldenShare"]
[Black "abeljusto"]
[Result "1-0"]
[WhiteElo "2543"]
[BlackElo "2091"]
[TimeControl "180+1"]
[EndTime "14:07:01 PST"]
[Termination "GoldenShare won on time"]

1. e4 c5 2. Nc3 Nc6 3. Bb5 Nd4 4. Nf3 a6 5. Bd3 Nc6 6. O-O g6 7.
e5 Bg7 8. Re1 Nh6 9. Bc4 O-O 10.
d3 Nf5 11. Bf4 b5 12. Bb3 Bb7 13. Qd2 Nfd4 14. Nxd4 Nxd4 15. Bd5 Qc8 16. Bxb7 Qxb7 17. Ne4 Rac8 18. Bh6 Qd5 19. Bxg7 Kxg7 20. f4 Nc6 21. Re3 f5 22. exf6+ exf6 23. Rae1 Rce8 24. Nc3 Qd4 25. Qf2 Rxe3 26. Rxe3 f5 27. Nd1 Rf7 28. c3 Qd5 29. Qe2 Qd6 30. g3 Re7 31. Rxe7+ Qxe7 32. Kf2 Qxe2+ 33. Kxe2 d5 34. Ne3 Ne7 35. b4 c4 36.
Nc2 Nc6 37. Ke3 Kf6 38. Nd4 Nxd4 39. Kxd4 cxd3 40. Kxd3 Ke6 41. Kd4 Kd6 42. h3 h6 43.
h4 h5 44. a3 Kc6 45. Ke5 1-0

[Event "Late-Titled-Tuesday-Blitz-February-13-2024"]
[Site "Chess.com"]
[Date "2024.02.13"]
[Round "1"]
[White "Sanyura"]
[Black "Hirna2005"]
[Result "1-0"]
[WhiteElo "2661"]
[BlackElo "2313"]
[TimeControl "180+1"]
[EndTime "14:07:03 PST"]
[Termination "Sanyura won by resignation"]

1. e4 g6 2. d4 Bg7 3. Nf3 d6 4. Bc4 Nf6 5. Nbd2 O-O 6. O-O Nxe4 7.
Bxf7+ Rxf7 8. Nxe4 Nc6 9. h3 Bd7 10. c3 Qc8 11. Neg5 Rf8 12. Qb3+ e6 13. Re1 d5 14.
Nh2 h6 15. Ngf3 Kh7 16. Ng4 Na5 17. Qc2 c5 18. Nfe5 Be8 19. dxc5 Nc6 20. Nxc6 Qxc6 21.
Be3 e5 22. Rad1 Rd8 23. Qd2 h5 24. Bg5 hxg4 25. Bxd8 gxh3 26. Be7 Rf7 27. Bd6 d4 28. Qg5 Rf5 29. Qg3 hxg2 30. cxd4 exd4 31. Re7 Bf7 32.
Qxg2 Bd5 33. Qg4 Rh5 34. f3 Bxf3 35. Qxd4 Rh1+ 36. Kf2 Rh2+ 37. Bxh2 1-0

[Event "Late-Titled-Tuesday-Blitz-February-13-2024"]
[Site "Chess.com"]
[Date "2024.02.13"]
[Round "1"]
[White "ElephantChessGenius"]
[Black "ansko1999"]
[Result "0-1"]
[WhiteElo "2296"]
[BlackElo "2645"]
[TimeControl "180+1"]
[EndTime "14:07:03 PST"]
[Termination "ansko1999 won by resignation"]

1. e4 d6 2. d4 Nf6 3. Nc3 c6 4. Nf3 Nbd7 5. a4 e5 6. Bc4 Be7 7. O-O O-O 8. h3 h6 9. Be3 Re8 10. Qe2 a5 11. Bb3 exd4 12. Nxd4 Nc5 13. f3 Bf8 14.
Bc4 Bd7 15. Rad1 Qc7 16. Bf4 Qb6 17. Kh1 d5 18. Bb3 dxe4 19. fxe4 Nfxe4 20. Bxf7+ Kxf7 21. Bc7+ Kg6 22. Qf3 Qxc7 23. Qf7+ Kh7 24. Nxe4 Rxe4 25. Nf5 Qe5 26. Rf3 Bxf5 27. Rxf5 Re1+ 28. Rxe1 Qxe1+ 29. Kh2 Bd6+ 30. Rf4 Bxf4+ 31. Qxf4 Qe6 32. Qf3 Qg6 33. Qf4 Ne6 0-1

[Event "Late-Titled-Tuesday-Blitz-February-13-2024"]
[Site "Chess.com"]
[Date "2024.02.13"]
[Round "1"]
[White "dosto07"]
[Black "Hauptsache_Gambit"]
[Result "1/2-1/2"]
[WhiteElo "2533"]
[BlackElo "2038"]
[TimeControl "180+1"]
[EndTime "14:07:04 PST"]
[Termination "Game drawn by stalemate"]

1. e4 c5 2. Nf3 a6 3. c3 d5 4.
e5 Nc6 5. d4 Bg4 6. Be3 e6 7.
Nbd2 Nge7 8. h3 Bh5 9. Bd3 Nf5 10. Bg5 Nfe7 11. g4 Bg6 12. Bxg6 hxg6 13. dxc5 Qc7 14. Qe2 f5 15. exf6 gxf6 16. Bxf6 Rg8 17. Qxe6 Qd7 18. Ng5 Qxe6+ 19. Nxe6 Kf7 20. Bxe7 Bxe7 21.
Nf4 Bxc5 22. Nxd5 Rad8 23. Ne3 Rge8 24. Ke2 Ne5 25. Ne4 Ba7 26. Rad1 Bxe3 27. fxe3 Nc4 28. Rhf1+ Ke6 29. Ng5+ Ke5 30. Nf7+ Ke4 31. Nxd8 Re7 32.
Rf4+ Ke5 33. Nf7+ Ke6 34. Ng5+ Ke5 35. Re4+ Kf6 36. Rxe7 Kxe7 37. Ne4 Ne5 38. Rd5 Nc6 39.
Rc5 Ke6 40. Rxc6+ Ke5 41. Nc5 b6 42. Rxb6 g5 43. Rxa6 Kd5 44. Rg6 Kxc5 45. Rxg5+ Kc4 46. h4 1/2-1/2

[Event "Late-Titled-Tuesday-Blitz-February-13-2024"]
[Site "Chess.com"]
[Date "2024.02.13"]
[Round "1"]
[White "scandalgod"]
[Black "HansOnTwitch"]
[Result "0-1"]
[WhiteElo "2526"]
[BlackElo "3157"]
[TimeControl "180+1"]
[EndTime "14:07:05 PST"]
[Termination "HansOnTwitch won by resignation"]

1. d4 Nf6 2. c4 g6 3. Nc3 Bg7 4. e4 d6 5. f4 O-O 6. Nf3 c5 7.
d5 e6 8. Be2 exd5 9. cxd5 Re8 10. e5 dxe5 11. fxe5 Ng4 12. e6 fxe6 13. Bg5 Qb6 14. Qd2 Na6 15. d6 Nb4 16. h3 Nf6 17. O-O Nbd5 18. Bc4 Nxc3 19. bxc3 Ne4 20. d7 Bxd7 21.
Qxd7 Bxc3 22. Rab1 Qc6 23. Rxb7 Qxd7 24. Rxd7 Rab8 25.
Bf4 Rb4 26. Bb3 c4 27. Be5 Bxe5 28. Nxe5 cxb3 29. Rff7 Nf6 30. Rg7+ Kh8 31. Rb7 bxa2 32. Rxa7 a1=Q+ 0-1

[Event "Late-Titled-Tuesday-Blitz-February-13-2024"]
[Site "Chess.com"]
[Date "2024.02.13"]
[Round "1"]
[White "sotochess"]
[Black "larsmandreassen"]
[Result "1-0"]
[WhiteElo "2586"]
[BlackElo "2235"]
[TimeControl "180+1"]
[EndTime "14:07:06 PST"]
[Termination "sotochess won on time"]

1. e4 d5 2. exd5 Nf6 3. c4 e6 4. dxe6 Bxe6 5. Be2 Qe7 6. b3 Nc6 7. Ba3 Qd7 8. Bxf8 Rxf8 9. Nf3 O-O-O 10. O-O Bg4 11.
h3 Bxf3 12. Bxf3 Nd4 13. Re1 Rfe8 14. Re3 c5 15. Kh1 g5 16. Nc3 h5 17. Nd5 Nxd5 18. Bxd5 g4 19. h4 f5 20. g3 f4 21. Rxe8 Rxe8 22.
b4 fxg3 23. fxg3 Qd6 24. Qa4 Re2 25. Rf1 Nf3 26. Bxf3 gxf3 27. Rxf3 Re1+ 28. Kg2 Qxd2+ 29. Rf2 Qd6 30. bxc5 Qxc5 31. Qb5 1-0

[Event "Late-Titled-Tuesday-Blitz-February-13-2024"]
[Site "Chess.com"]
[Date "2024.02.13"]
[Round "1"]
[White "Fandorine"]
[Black "ninguno46"]
[Result "1-0"]
[WhiteElo "2958"]
[BlackElo "2501"]
[TimeControl "180+1"]
[EndTime "14:07:07 PST"]
[Termination "Fandorine won by resignation"]

1. d4 Nf6 2. c4 e6 3. Nc3 Bb4 4. Nf3 c5 5. Bg5 h6 6. Bh4 cxd4 7. Nxd4 Nc6 8. e3 Qa5 9. Rc1 Ne4 10. Qc2 f5 11. Bd3 Nxc3 12. bxc3 Ba3 13. Rb1 O-O 14. O-O a6 15. Bg3 Be7 16. Rfe1 Bf6 17. Bd6 Rf7 18. c5 Ne5 19. Bf1 g5 20. Rb6 Rg7 21. a4 Nf7 22. Reb1 Nxd6 23. cxd6 Qc5 24. g3 f4 25. Bg2 Rb8 26. Rxa6 fxe3 27. fxe3 Qe5 28. Qd2 g4 29. Rb5 bxa6 30. Rxb8 Qxd6 31. Rxc8+ Kf7 32. Nb3 Qxd2 33. Nxd2 Bxc3 34. Rxc3 1-0

[Event "Late-Titled-Tuesday-Blitz-February-13-2024"]
[Site "Chess.com"]
[Date "2024.02.13"]
[Round "1"]
[White "BilodeauA"]
[Black "ATM622"]
[Result "1-0"]
[WhiteElo "2945"]
[BlackElo "2498"]
[TimeControl "180+1"]
[EndTime "14:07:08 PST"]
[Termination "BilodeauA won by resignation"]

1. e4 c6 2. d4 d5 3. e5 Bf5 4.
Nf3 e6 5. Be2 Nd7 6. O-O Ne7 7.
Nbd2 Bg6 8. Nb3 Nf5 9. a4 Be7 10. g4 Nh4 11. Nxh4 Bxh4 12. f4 Be4 13. Bd3 f5 14. exf6 Nxf6 15. g5 Rg8 16. Bxe4 dxe4 17. gxf6 gxf6+ 18. Kh1 Qd5 19. Be3 Qf5 20. Qe2 Qh3 21. Rg1 O-O-O 22. Rxg8 Rxg8 23. Rg1 Bg3 24. Nd2 Rg6 25. Nf1 Bh4 26. Rxg6 hxg6 27. Qg2 Qf5 28.
Nd2 e5 29. dxe5 fxe5 30. Nxe4 Kc7 31. fxe5 Qxe5 32. Qg4 g5 33. c3 Qd5 34. Kg2 Qb3 35.
Qe2 Qxa4 36. Nc5 Qa1 37. Bd4 Kb6 38. Nb3+ 1-0

[Event "Late-Titled-Tuesday-Blitz-February-13-2024"]
[Site "Chess.com"]
[Date "2024.02.13"]
[Round "1"]
[White "AlexPapasimakopoulos"]
[Black "VladimirBugayev"]
[Result "1-0"]
[WhiteElo "2756"]
[BlackElo "2398"]
[TimeControl "180+1"]
[EndTime "14:07:08 PST"]
[Termination "AlexPapasimakopoulos won on time"]

1. d4 Nf6 2. c4 c5 3. d5 b5 4. Nf3 b4 5. b3 g6 6. Bb2 Bg7 7. Nbd2 O-O 8. a3 bxa3 9. Rxa3 d6 10. e3 Na6 11. Bd3 Nb4 12. Bb1 Bg4 13. h3 Bd7 14. Qc1 a5 15. O-O Qc8 16. Re1 e6 17.
dxe6 Bxe6 18. Ne4 Qd8 19. Rd1 Qe7 20. Nxd6 Rfd8 21. Nb5 Rxd1+ 22. Qxd1 a4 23. Rxa4 Rxa4 24. bxa4 Bxc4 25. Ne5 Bd5 26. Nd3 c4 27. Nf4 Be4 28.
Ba3 c3 29. Nxc3 Bxb1 30. Qxb1 Nh5 31. Bxb4 Qb7 32. Nxh5 Bxc3 33. Nf4 Qxb4 34. Qxb4 Bxb4 35. Nd3 Bc3 36. Kf1 Kf8 37. Ke2 Ke7 38. Nf4 Kd6 39. Kd3 Be1 40. f3 f5 41. Kc4 1-0

[Event "Late-Titled-Tuesday-Blitz-February-13-2024"]
[Site "Chess.com"]
[Date "2024.02.13"]
[Round "1"]
[White "Harsha_Bharathakoti"]
[Black "subham777"]
[Result "1-0"]
[WhiteElo "2953"]
[BlackElo "2500"]
[TimeControl "180+1"]
[EndTime "14:07:09 PST"]
[Termination "Harsha_Bharathakoti won on time"]

1. Nf3 d5 2. e3 Nf6 3. c4 e6 4.
Nc3 Be7 5. b3 O-O 6. Bb2 b6 7.
cxd5 Nxd5 8. Nxd5 Qxd5 9. Bc4 Qh5 10. Qc2 Bb7 11. Be2 c5 12. h4 Qg6 13. Bd3 Qxg2 14.
Rg1 Bxf3 15. Rxg2 Bxg2 16. Bxh7+ Kh8 17. Be4 Bxe4 18. Qxe4 Nd7 19. Ke2 Bf6 20. Bxf6 Nxf6 21. Qb7 g6 22. Rc1 Kg7 23. Rc4 Rfb8 24. Qf3 Nd5 25.
h5 Rh8 26. hxg6 fxg6 27. Rg4 Raf8 28. Qg3 Rf6 29. Qd6 Rh5 30. e4 Nb4 31. Qe7+ Rf7 32. Qxe6 Rf6 33. Qe7+ Rf7 34. Qd6 Rf6 35. Qb8 Rf7 36.
Rf4 Re7 37. Qd6 Rf7 38. Rxf7+ Kxf7 39. e5 Rh8 40. Qf6+ Kg8 41. e6 Rh7 42. e7 1-0

[Event "Late-Titled-Tuesday-Blitz-February-13-2024"]
[Site "Chess.com"]
[Date "2024.02.13"]
[Round "1"]
[White "Cristi_Coca"]
[Black "Korchmar_Vasiliy"]
[Result "0-1"]
[WhiteElo "2390"]
[BlackElo "2736"]
[TimeControl "180+1"]
[EndTime "14:07:09 PST"]
[Termination "Korchmar_Vasiliy won by resignation"]

1. e4 c5 2. c3 d5 3. exd5 Nf6 4. Bb5+ Nbd7 5. c4 a6 6. Ba4 b5 7. cxb5 Nxd5 8. Nf3 N7b6 9. bxa6+ Nxa4 10. Qxa4+ Bd7 11.
Qc4 e6 12. Nc3 Nb6 13. Qe2 Bd6 14. O-O O-O 15. d4 cxd4 16. Nxd4 Qh4 17. Nf3 Qh5 18. Be3 Bc6 19. h3 Nd5 20. Nxd5 Bxd5 21. Nd4 Qe5 22. f4 Qe4 23. Rf3 e5 24. Nb5 Bb4 25. Nc3 Bxc3 26. bxc3 exf4 27. Rxf4 Qe6 28. Qf2 Rxa6 29. a3 h5 30. Bd4 Qg6 31. Bc5 Re8 32. Bb4 Rae6 33. Re1 Rxe1+ 0-1

[Event "Late-Titled-Tuesday-Blitz-February-13-2024"]
[Site "Chess.com"]
[Date "2024.02.13"]
[Round "1"]
[White "Rinqed222"]
[Black "Nouali_Mohamed"]
[Result "0-1"]
[WhiteElo "2214"]
[BlackElo "2572"]
[TimeControl "180+1"]
[EndTime "14:07:09 PST"]
[Termination "Nouali_Mohamed won on time"]

1. e4 c5 2. Nc3 Nc6 3. Bb5 g6 4. Bxc6 dxc6 5. d3 Bg7 6. f4 c4 7. Nf3 cxd3 8. cxd3 Nf6 9. O-O O-O 10. d4 Bg4 11. Be3 Qb6 12. Qd2 Bxf3 13. gxf3 Rfd8 14. Qf2 Qa5 15. Rad1 e6 16. Kh1 b5 17. a3 Nh5 18.
Rg1 Qc7 19. Ne2 c5 20. dxc5 Bxb2 21. Qh4 Rxd1 22. Rxd1 Bxa3 23. f5 exf5 24. exf5 Bxc5 25.
Rc1 Qb7 26. Bxc5 Qxf3+ 27. Kg1 Qxe2 28. Re1 Qc4 29. Qe7 Qg4+ 30. Kf2 Qxf5+ 31. Kg1 Nf4 0-1

[Event "Late-Titled-Tuesday-Blitz-February-13-2024"]
[Site "Chess.com"]
[Date "2024.02.13"]
[Round "1"]
[White "aghasiyevkamal"]
[Black "Heinza9"]
[Result "1-0"]
[WhiteElo "2630"]
[BlackElo "2277"]
[TimeControl "180+1"]
[EndTime "14:07:11 PST"]
[Termination "aghasiyevkamal won on time"]

1. d4 f5 2. Nc3 d5 3. g4 fxg4 4. Bf4 Nf6 5. h3 gxh3 6. Qd3 Nc6 7. a3 g6 8. Bxh3 Bg7 9. O-O-O a6 10.
Bxc8 Qxc8 11. Nf3 Qf5 12. Qxf5 gxf5 13. Rdg1 Bf8 14. Bxc7 Rc8 15. Be5 Nxe5 16. dxe5 Ne4 17. Nxd5 Nxf2 18. Rh5 e6 19. Nf6+ Kf7 20. Ng5+ Ke7 21.
Rg2 Ng4 22. Nxg4 fxg4 23. Rxg4 h6 24. Ne4 Rh7 25. Rg8 Rg7 26. Rh8 Rg2 27. Kd2 Rg4 28. Rh7+ Kd8 29. Kd3 Rc7 30. Rxc7 Kxc7 31. Nf6 Rg5 32.
Rxg5 hxg5 33. Ke4 Bg7 34. Ne8+ 1-0

[Event "Late-Titled-Tuesday-Blitz-February-13-2024"]
[Site "Chess.com"]
[Date "2024.02.13"]
[Round "1"]
[White "DanylaBagrov"]
[Black "MikeSailer"]
[Result "1-0"]
[WhiteElo "2561"]
[BlackElo "2191"]
[TimeControl "180+1"]
[EndTime "14:07:11 PST"]
[Termination "DanylaBagrov won by checkmate"]

1. f4 d5 2. Nf3 g6 3. g3 Bg7 4.
Bg2 b6 5. O-O Bb7 6. d3 c5 7. a4 Nc6 8. c3 Nf6 9. Na3 O-O 10. Nc2 Qc7 11. Qe1 Rae8 12. e4 dxe4 13. dxe4 e5 14. f5 Ba6 15. Rf2 Ng4 16. Rd2 Bh6 17. Rd5 Bxc1 18. Rxc1 Bc4 19. Rd2 Na5 20. h3 Nf6 21. Rf2 Nb3 22. Rd1 Rd8 23. Ne3 Rxd1 24. Qxd1 Rd8 25. Qc2 Na5 26. fxg6 hxg6 27. Ng5 Bb3 28.
Qe2 Qd6 29. Nd5 Nxd5 30. exd5 f5 31. Qa6 Bxd5 32. Qxa7 Rd7 33. Bxd5+ Qxd5 34. Qb8+ Kg7 35. Qxb6 Nc4 36. Qxc5 Qd1+ 37. Kh2 Nd2 38. Qxe5+ Kh6 39.
Qh8+ Kxg5 40. Qh4# 1-0

[Event "Late-Titled-Tuesday-Blitz-February-13-2024"]
[Site "Chess.com"]
[Date "2024.02.13"]
[Round "1"]
[White "Nf3c5"]
[Black "protectiago"]
[Result "1-0"]
[WhiteElo "2546"]
[BlackElo "2117"]
[TimeControl "180+1"]
[EndTime "14:07:11 PST"]
[Termination "Nf3c5 won by resignation"]

1. e4 c5 2. Nf3 Nc6 3. Nc3 d6 4. d4 cxd4 5. Nxd4 Nf6 6. Bc4 e6 7. Be3 Be7 8. Qe2 Nxd4 9. Bxd4 Bd7 10. Rg1 a6 11. g4 b5 12. Bb3 b4 13. Na4 Bb5 14.
Qe3 h5 15. gxh5 Rxh5 16. Rxg7 Rxh2 17. O-O-O Bf8 18. Rgg1 Nd7 19. Kb1 Rc8 20. f4 Qh4 21. Nb6 Nxb6 22. Bxb6 Re2 23. Qf3 Qh2 24. Rc1 a5 25. f5 e5 26. Qg4 Bc4 27. Ba4+ Ke7 28. f6+ Kxf6 29. Rcf1+ Rf2 30. Rxf2+ Qxf2 31. Bxf2 b3 32.
Qf5+ Ke7 33. Bh4+ f6 34. Bxf6+ 1-0